 Dungeon Crawl Stone Soup version 0.29-a0-1014-ga8c0faee3b (webtiles) character file.

Game seed: 15017260042561704740

116 BritishOli the Trooper (level 4, -2/37 HPs)
             Began as a Demonspawn Fighter on Aug 9, 2022.
             Slain by Sigmund
             ... wielding a +0 scythe
              (9 damage)
             ... on level 4 of the Dungeon.
             The game lasted 00:05:11 (3180 turns).

BritishOli the Trooper (Demonspawn Fighter)         Turns: 3180, Time: 00:05:12

Health: -2/37      AC: 12    Str: 18    XL:     4   Next: 69%
Magic:  4/4        EV:  5    Int: 10    God:
Gold:   145        SH:  4    Dex: 12    Spells: 3/3 levels left

rFire   . . .      SeeInvis .   a - +0 long sword
rCold   . . .      Faith    .   c - +0 buckler
rNeg    . . .      Spirit   .   l - +0 plate armour
rPois   .          Reflect  .   m - +0 hat
rElec   .          Harm     .   (no cloak)
rCorr   .          Rampage  .   (no gloves)
Will    .....                   f - +0 pair of boots
Stlth   ..........              (no amulet)
HPRegen 0.12/turn               k - ring of flight
MPRegen 0.09/turn               (no ring)

@: lethally poisoned (-2 -> -4), about to teleport, flying
A: horns 1
a: no special abilities


You were on level 4 of the Dungeon.
You visited 1 branch of the dungeon, and saw 4 of its levels.

You collected 171 gold pieces.
You spent 26 gold pieces at shops.

Inventory:

Hand Weapons
 a - a +0 long sword (weapon)
Armour
 c - a +0 buckler (worn)
 f - a +0 pair of boots (worn)
 l - a +0 plate armour (worn)
 m - a +0 hat (worn)
Jewellery
 b - a +4 ring of protection
 k - a ring of flight (left hand)
Scrolls
 e - a scroll of torment {unknown}
 g - a scroll of enchant weapon
 j - 2 scrolls of identify
 n - a scroll of amnesia {unknown}
 o - a scroll of acquirement {unknown}
 q - a scroll of fear {unknown}
 r - a scroll of enchant armour {unknown}
Potions
 d - 3 potions of might
 h - a potion of curing
 s - 2 potions of heal wounds


   Skills:
 + Level 3.8 Fighting
 + Level 2.7 Long Blades
 + Level 3.3 Armour
 + Level 3.3 Shields


You had 3 spell levels left.
You didn't know any spells.
Your spell library contained the following spells:

 Spells                   Type           Power      Damage    Failure   Level
 Call Canine Familiar     Summ           0%         N/A       100%        3
 Portal Projectile        Hex/Tloc       0%         N/A       100%        3
 Airstrike                Air            0%         2d(0-16)  100%        4
 Leda's Liquefaction      Hex/Erth       0%         N/A       100%        4
 Summon Lightning Spire   Summ/Air       0%         N/A       100%        4
 Lightning Bolt           Conj/Air       0%         1d11      100%        5


Dungeon Overview and Level Annotations

Branches:
Dungeon (4/15)
 Temple: D:4-7

Altars:
Fedhas
Kikubaaqudgha

Shops:
D:1 :   D:3 ?

Annotations:
D:3 Robin
D:4 Sigmund


Innate Abilities, Weirdness & Mutations

You have a pair of small horns on your head.


Message History

You closely miss the adder.
The adder is lightly wounded.
The adder bites you. The adder bites you but does no damage.
You hit the adder. You headbutt the adder.
The adder is almost dead.
You block the adder's attack. x2
You barely miss the adder.
The adder is almost dead.
The endoplasm closely misses you. The adder bites you but does no damage.
You hit the adder. Your headbutt misses the adder.
The adder is almost dead.
The adder bites you. You block the endoplasm's attack.
The orc hits you but does no damage. The adder barely misses you.
You barely miss the adder.
The adder is almost dead.
The orc hits you but does no damage. The endoplasm hits you.
The adder bites you but does no damage. The orc hits you but does no damage.
You block the endoplasm's attack.
You barely miss the adder.
The adder is almost dead.
The adder bites you.
You are poisoned.
The adder poisons you! The endoplasm freezes you.
You are frozen.
The orc hits you but does no damage. The adder barely misses you.
The orc attacks as you move away! You block the orc's attack.
Found a potion of degeneration.
You feel sick. The orc attacks as you move away!
The orc hits you but does no damage.
Sigmund and a dart slug come into view.
You feel sick.
Sigmund shouts!
Sigmund casts a spell at you. The magic dart hits you.
* * * LOW HITPOINT WARNING * * *
The adder bites you.
* * * LOW HITPOINT WARNING * * *
As you read the scroll of teleportation, it crumbles to dust.
You feel strangely unstable.
You feel sick. Sigmund hits you with a +0 scythe!
You die...

#.# #..#####
...#..#...# # #
#.#..#...##.#
..#....+......#
.....$.#...##.##.
#....).........
#...J.<........
#...#.##So)#####
..# #.#@####
........@.#
#.......#w#
#.#.....#.#
#.....# # #?....#
!.....# ###....#


You could see Sigmund, an adder, a dart slug and an orc.

Vanquished Creatures
  4 adders
  2 worms (D:2)
  4 orcs (D:3)
  3 endoplasms
  3 giant cockroaches
  13 goblins
  12 hobgoblins
  6 kobolds
  2 quokkas
  3 ball pythons (D:2)
  5 bats
  3 frilled lizards
  2 rats
  A spectral hobgoblin (D:2)
63 creatures vanquished.

Vanquished Creatures (others)
  2 plants (D:3)
  A withered plant (D:3)
3 creatures vanquished.

Grand Total: 66 creatures vanquished

Notes
Turn   | Place    | Note
-------+----------+-------------------------------------------
     0 | D:1      | BritishOli the Demonspawn Fighter began the quest for the
                  | Orb.
     0 | D:1      | Reached XP level 1. HP: 18/18 MP: 1/1
   584 | D:1      | Found Aresy's Vocational Training.
   637 | D:1      | Discovered your monstrous ancestry.
   637 | D:1      | Gained mutation: You have a pair of small horns on your
                  | head. [demonic ancestry]
   637 | D:1      | Reached XP level 2. HP: 23/24 MP: 2/2
  1014 | D:2      | Reached XP level 3. HP: 29/29 MP: 3/3
  1055 | D:2      | Found a faded altar of an unknown god.
  1851 | D:3      | Found Qoira's Magic Scroll Emporium.
  1855 | D:3      | Bought a scroll of identify for 26 gold pieces
  1875 | D:3      | Found an ancient bone altar of Kikubaaqudgha.
  1981 | D:3      | Reached XP level 4. HP: 26/35 MP: 4/4
  2116 | D:3      | Found a blossoming altar of Fedhas.
  2933 | D:3      | Noticed Robin
  3179 | D:4      | Noticed Sigmund
  3180 | D:4      | Slain by Sigmund

Illustrated notes

Levels and vault maps discovered:
D:1:      zelgadis_glass_arrival_small, layout_rooms, minmay_misc_feat_square,
          kennysheep_crisscross, nicolae_shop_vocational
D:2:      layout_basic, dreamdust_ecumenical_altar_drowned_temple,
          nicolae_hexahallways
D:3:      corexii_shack_village, layout_basic,
          mainiacjoe_overflow_surrounded_room, kiku_gazebo_garden_becter,
          serial_shops, shop, uniq_robin
D:4:      layout_basic, uniq_crazy_yiuf_cottage, uniq_sigmund

Skill      XL: |  1  2 |
---------------+-------+-----
Long Blades    | 2 |  2.7
Armour         | 3 |  3.3
Shields        | 3 |  3.3
Fighting       | |  3.8

Action                   |  1- 3 |  4- 6 || total
-------------------------+-------+-------++-------
Melee: Long sword        |    99 |    71 ||   170
       Headbutt          |    17 |     5 ||    22
  Use: Scroll            |     7 |     1 ||     8
       Potion            |       |     1 ||     1
Armor: Scale mail        |    15 |       ||    15
       Plate armour      |    58 |    62 ||   120
Dodge: Dodged            |    30 |    19 ||    49
Block: Buckler           |    33 |    18 ||    51

Table legend: (Time is in decaauts)
 A = Elapsed time spent in this place.
 B = Non-inter-level travel time spent in this place.
 C = Inter-level travel time spent in this place.
 D = Time resting spent in this place.
 E = Time spent auto-exploring this place.
 F = Levels seen in this place.
 G = Mean time per level.
                   A        B        C        D        E       F      G
               +--------+--------+--------+--------+--------+-----+--------+
         Total |   3236 |   3158 |     78 |    794 |   1885 |   4 |  809.0 |
       Dungeon |   3236 |   3158 |     78 |    794 |   1885 |   4 |  809.0 |
               +--------+--------+--------+--------+--------+-----+--------+

Top non-repeatable levels by time:
     D:3: 1191 daAuts
     D:1: 960 daAuts
     D:2: 880 daAuts
     D:4: 203 daAuts
